[Event "Titled Tuesday Blitz May 03 Late 2022"]
[White "Milanovic, Marko"]
[Black "Vega Gutierrez, Sabrina"]
[WhiteFideId "980129"]
[BlackFideId "2219026"]
[WhiteElo "2159"]
[BlackElo "2286"]
[Result "0-1"]
[Round "06"]
[TimeControl "180+1"]
[Date "2022.05.03"]
[WhiteClock "0:00:04"]
[BlackClock "0:00:03"]

1. d4 d5 2. Bf4 e6 3. e3 Nf6 4. Nf3 Bd6 5. Bg3 O-O 6. c4 c5 7. dxc5 Bxc5 8. Nc3 Nc6 9. Be2 dxc4 10. Qxd8 Rxd8 11. Bxc4 a6 12. a4 Bb4 13. O-O Bxc3 14. bxc3 Ne4 15. Rac1 Bd7 16. Rfd1 Nxg3 17. hxg3 Na5 18. Be2 Bxa4 19. Rxd8+ Rxd8 20. Ra1 b5 21. Nd4 e5 22. Nf3 f6 23. c4 Nb3 24. Ra3 Nc5 25. cxb5 axb5 26. Ra2 Kf8 27. Rb2 Rb8 28. Kf1 Ke7 29. Ke1 Kd6 30. Nd2 b4 31. Nc4+ Kc7 32. Kd2 Ne4+ 33. Ke1 b3 34. g4 Nc3 35. Nd2 Rb4 36. f3 h6 37. Bd3 Kd6 38. Bc4 Kc5 39. Bxb3 Bxb3 40. Nxb3+ Kd6 41. Kd2 Nd5 42. Rb1 Ke7 43. g3 Nc7 44. Kc3 Rb8 45. Rd1 Ne6 46. f4 Rc8+ 47. Kb2 g5 48. fxe5 fxe5 49. Rd5 Kf6 50. Rd6 Ke7 51. Ra6 Rf8 52. Ra7+ Kf6 53. Nd2 Kg6 54. Ra6 Kf7 55. Ne4 Rb8+ 56. Kc3 Rc8+ 57. Kd2 Rd8+ 58. Kc3 Rc8+ 59. Kb4 Rc1 60. Nd6+ Kf6 61. Ne4+ Kf7 62. Ra7+ Kg6 63. Re7 Ng7 64. Rxe5 Re1 65. Nd6 Rg1 66. Nf5 Nxf5 67. gxf5+ Kf6 68. Ra5 Rxg3 69. e4 h5 70. Kc4 h4 71. Kd5 h3 72. Ra1 h2 73. Rh1 Rd3+ 74. Kc4 Rd2 75. Kc3 Rg2 76. Kd4 g4 77. Ke3 g3 78. Kf3 Rg1 79. e5+ Kxf5 80. e6 Kxe6 81. Ke2 Rxh1 82. Kf3 Rg1 83. Ke2 h1=Q 0-1


[Site "https://www.chess.com"]

[Event "Titled Tuesday Blitz May 03 Late 2022"]
[White "Mirza, Diana"]
[Black "Akrakan"]
[WhiteFideId "2503999"]
[WhiteElo "1813"]
[BlackElo "2130"]
[Result "0-1"]
[Round "06"]
[TimeControl "180+1"]
[Date "2022.05.03"]
[WhiteClock "0:00:02"]
[BlackClock "0:00:49"]

1. e4 c5 2. Nf3 Nc6 3. d4 cxd4 4. Nxd4 Nf6 5. Nc3 d6 6. Be3 Qa5 7. f3 g6 8. Bc4 Bg7 9. O-O O-O 10. Rb1 a6 11. a3 Qc7 12. b4 Nxd4 13. Qxd4 Ng4 14. Nd5 Bxd4 15. Nxc7 Bxe3+ 16. Kh1 Ne5 17. Bxf7+ Kxf7 18. Nxa8 Bd7 19. Nc7 Rc8 20. Nd5 Rxc2 21. Nxe3 Rc3 22. Nd5 Rxa3 23. f4 Nc4 24. Rbc1 b5 25. h4 Bc6 26. f5 Bxd5 27. fxg6+ Kxg6 28. exd5 a5 29. bxa5 Rxa5 30. Rce1 Ne5 31. Ra1 Rxa1 32. Rxa1 Kf5 33. Rb1 Ng6 34. g3 Ne5 35. Rxb5 Ke4 36. Kg2 h5 37. Kh3 Ng4 38. Rb7 Kxd5 39. Rxe7 Nf6 40. Rf7 Ke6 41. Ra7 d5 42. Ra6+ Ke5 43. Ra5 Ke4 44. Kg2 Ng4 45. Ra4+ d4 46. Kf1 Ke3 47. Kg2 d3 48. Ra3 Ke2 0-1


[Site "https://www.chess.com"]

[Event "Titled Tuesday Blitz May 03 Late 2022"]
[White "Nagy, Gabor"]
[Black "Paravyan, David"]
[WhiteFideId "737119"]
[BlackFideId "4194985"]
[WhiteElo "2534"]
[BlackElo "2569"]
[Result "0-1"]
[Round "06"]
[TimeControl "180+1"]
[Date "2022.05.03"]
[WhiteClock "0:01:27"]
[BlackClock "0:00:18"]

1. d4 Nf6 2. Nf3 g6 3. Nbd2 d5 4. b4 a5 5. b5 Bg7 6. a4 c5 7. bxc6 Nxc6 8. e3 O-O 9. Ba3 Bf5 10. Bd3 Ne4 11. O-O Nc3 12. Qe1 Bxd3 13. cxd3 Nxa4 14. Bxe7 Qxe7 15. Rxa4 b5 16. Ra1 a4 17. Qb1 b4 18. Rc1 Rfc8 19. Rc5 b3 20. g3 Qb7 21. Kg2 Bf8 22. Rxd5 Nb4 23. Re5 Nc2 24. Ne4 Nxa1 25. d5 Bg7 26. Nd6 Qc7 27. Nxc8 Bxe5 28. d6 Qxc8 29. Nxe5 Qc3 30. d4 Nc2 31. d7 Rd8 32. Qf1 Rxd7 33. Qa6 Re7 34. Qf6 Rxe5 35. dxe5 Qc8 0-1


[Site "https://www.chess.com"]

[Event "Titled Tuesday Blitz May 03 Late 2022"]
[White "Nakamura, Hikaru"]
[Black "Tang, Andrew"]
[WhiteFideId "2016192"]
[BlackFideId "2059630"]
[WhiteElo "2850"]
[BlackElo "2584"]
[Result "1-0"]
[Round "06"]
[TimeControl "180+1"]
[Date "2022.05.03"]
[WhiteClock "0:00:31"]
[BlackClock "0:00:01"]

1. Nf3 d5 2. d4 Nf6 3. g3 e6 4. Bg2 Be7 5. c4 O-O 6. Qc2 dxc4 7. Qxc4 a6 8. Qc2 b5 9. Ne5 Nd5 10. O-O Bb7 11. Rd1 Nb4 12. Qb3 Bxg2 13. Kxg2 Qd5+ 14. Qxd5 Nxd5 15. a4 f6 16. Nf3 Nc6 17. Bd2 Bd6 18. Rc1 Nde7 19. Nc3 Na5 20. Rc2 Nb3 21. Ra2 Rab8 22. Ne4 Rb7 23. axb5 axb5 24. Nxd6 cxd6 25. Bb4 Nd5 26. Bxd6 Rd8 27. Rc6 Rbd7 28. Raa6 Kf7 29. e3 h5 30. h4 1-0


[Site "https://www.chess.com"]

[Event "Titled Tuesday Blitz May 03 Late 2022"]
[White "Narayanan.S.L"]
[Black "Abdyzhapar, Asylbek"]
[WhiteFideId "5058422"]
[BlackFideId "13800337"]
[WhiteElo "2494"]
[BlackElo "2331"]
[Result "1-0"]
[Round "06"]
[TimeControl "180+1"]
[Date "2022.05.03"]
[WhiteClock "0:01:29"]
[BlackClock "0:00:31"]

1. Nf3 Nf6 2. c4 g6 3. g3 Bg7 4. Bg2 O-O 5. O-O d6 6. d4 Nc6 7. d5 Na5 8. Nfd2 c5 9. Nc3 a6 10. a4 e5 11. e4 Nh5 12. b3 Bh6 13. Rb1 Ng7 14. Nf3 Bxc1 15. Qxc1 Bg4 16. Nd2 Bd7 17. Ne2 f5 18. f4 Qe7 19. Qc3 b6 20. Rbe1 Rae8 21. Nc1 exf4 22. gxf4 fxe4 23. Nxe4 Qh4 24. Nxd6 Rxe1 25. Qxe1 Qxe1 26. Rxe1 Rxf4 27. Re7 Bg4 28. h3 Bh5 29. Nd3 Rd4 30. Ne5 Nf5 31. Nxf5 gxf5 32. Re6 Rd1+ 33. Kh2 Rd2 34. Rxb6 f4 35. Rf6 Nxb3 36. Rxf4 Nd4 37. d6 Ne6 38. Rf5 Be8 39. d7 Bxd7 40. Nxd7 Rxd7 41. Bd5 Re7 42. Rf6 Kg7 43. Rxe6 Rc7 44. Rxa6 1-0


[Site "https://www.chess.com"]

[Event "Titled Tuesday Blitz May 03 Late 2022"]
[White "Ohanyan, Emin"]
[Black "Karttunen, Mika"]
[WhiteFideId "13312022"]
[BlackFideId "502081"]
[WhiteElo "1927"]
[BlackElo "2343"]
[Result "0-1"]
[Round "06"]
[TimeControl "180+1"]
[Date "2022.05.03"]
[WhiteClock "0:00:14"]
[BlackClock "0:00:05"]

1. e4 c6 2. d4 d5 3. Nc3 dxe4 4. Nxe4 Nd7 5. Ng5 Ngf6 6. Bd3 e6 7. Qe2 Bd6 8. N1f3 O-O 9. Ne4 Be7 10. h4 Nxe4 11. Qxe4 Nf6 12. Qf4 c5 13. Qg3 Re8 14. h5 Kh8 15. Ng5 Rf8 16. h6 g6 17. Bf4 Nd5 18. Be5+ Bf6 19. Ne4 Bxe5 20. dxe5 f5 21. exf6 Nxf6 22. Qe5 Qd5 23. Qc3 Qd4 24. O-O-O Nxe4 25. Bxe4 Qxc3 26. bxc3 e5 27. Rd5 Bf5 28. f3 Bxe4 29. fxe4 b6 30. Rxe5 Rae8 31. Rxe8 Rxe8 32. Re1 Re5 33. Kd2 Kg8 34. Ke3 Rh5 35. Rd1 Rxh6 36. Rd7 Rh2 37. Kf3 Rh1 38. e5 Re1 39. Kf4 h6 40. Rxa7 Re2 41. g4 Rf2+ 42. Ke4 h5 43. gxh5 gxh5 44. e6 h4 45. Ke3 Rf1 46. Kd2 Rf8 47. Rd7 h3 48. e7 Re8 49. Rd6 Rxe7 50. Rg6+ Rg7 51. Re6 h2 52. Re8+ Kh7 53. Re1 Rg1 54. Re7+ Kg8 55. Re8+ Kg7 56. Re4 h1=Q 57. Re7+ Kf6 58. Re2 Qf3 59. Rf2 Qxf2+ 60. Kd3 Rg4 61. c4 Rd4+ 62. Kc3 Qd2+ 63. Kb3 Qe3+ 64. Ka4 Rxc4+ 65. Kb5 Qc3 66. Kc6 Qxc2 67. Kb7 Rd4 68. a4 c4 69. a5 bxa5 0-1


[Site "https://www.chess.com"]

[Event "Titled Tuesday Blitz May 03 Late 2022"]
[White "Ovezdurdyyeva, Jemal"]
[Black "Skytte, Rasmus"]
[WhiteFideId "14001888"]
[BlackFideId "1404210"]
[WhiteElo "1946"]
[BlackElo "2430"]
[Result "0-1"]
[Round "06"]
[TimeControl "180+1"]
[Date "2022.05.03"]
[WhiteClock "0:00:11"]
[BlackClock "0:00:23"]

1. e4 c6 2. d4 d5 3. Nd2 dxe4 4. Nxe4 Nf6 5. Ng3 h5 6. h4 c5 7. Be3 Ng4 8. Be2 Nxe3 9. fxe3 Qc7 10. Nxh5 g6 11. Nf4 g5 12. Nd5 Qg3+ 13. Kd2 cxd4 14. exd4 gxh4 15. Nf3 Bh6+ 16. Kc3 Be6 17. Nb4 Qc7+ 18. Kd3 Bf5# 0-1


[Site "https://www.chess.com"]

[Event "Titled Tuesday Blitz May 03 Late 2022"]
[White "Papasimakopoulos, Alexandros"]
[Black "Bluebaum, Matthias"]
[WhiteFideId "4244125"]
[BlackFideId "24651516"]
[WhiteElo "2340"]
[BlackElo "2550"]
[Result "1-0"]
[Round "06"]
[TimeControl "180+1"]
[Date "2022.05.03"]
[WhiteClock "0:00:34"]
[BlackClock "0:00:07"]

1. d4 Nf6 2. c4 e6 3. Nc3 Bb4 4. Qc2 d5 5. cxd5 exd5 6. Bg5 h6 7. Bh4 g5 8. Bg3 Nc6 9. e3 h5 10. Bb5 h4 11. Be5 O-O 12. Bxc6 bxc6 13. h3 Ne4 14. Ne2 f6 15. Bh2 Qe7 16. O-O Bxc3 17. Nxc3 Nd6 18. Na4 Bd7 19. Nc5 Be8 20. Qa4 Kg7 21. Rae1 Nc4 22. Re2 Nb6 23. Qa6 Bg6 24. f3 Rfe8 25. Qb7 Nc4 26. b3 Nd6 27. Qxc6 Qf7 28. Bxd6 cxd6 29. Qxd6 Re7 30. e4 Rae8 31. e5 fxe5 32. Rxe5 Rxe5 33. dxe5 Kh6 34. Rd1 Qf4 35. Ne6 Qe3+ 36. Kh1 Qe2 37. Rg1 Qxa2 38. Nc7 Rb8 39. Nxd5 Qxb3 40. Ne7 Qb6 41. Rd1 Qxd6 42. Rxd6 Rb6 43. Nxg6 Rb1+ 44. Kh2 Kh5 45. Ne7 a5 46. Ng8 g4 47. hxg4+ Kg5 48. e6 a4 49. e7 Re1 50. Ra6 h3 51. Kxh3 Kf4 52. Rxa4+ Kg5 53. Re4 Rh1+ 54. Kg3 Rh7 55. Re5+ Kg6 56. e8=Q+ Kg7 57. Rg5+ Kh8 58. Qe5+ Rg7 59. Qxg7# 1-0


[Site "https://www.chess.com"]

[Event "Titled Tuesday Blitz May 03 Late 2022"]
[White "Petrova, Irina"]
[Black "Gurevich, Dmitry"]
[WhiteFideId "14124122"]
[BlackFideId "2000407"]
[WhiteElo "1993"]
[BlackElo "2506"]
[Result "1/2-1/2"]
[Round "06"]
[TimeControl "180+1"]
[Date "2022.05.03"]
[WhiteClock "0:01:14"]
[BlackClock "0:01:28"]

1. e4 c5 2. Nf3 d6 3. Bb5+ Bd7 4. Bxd7+ Qxd7 5. O-O Nc6 6. c3 Nf6 7. Re1 e6 8. d4 cxd4 9. cxd4 d5 10. e5 Ne4 11. Nbd2 Nxd2 12. Bxd2 Be7 13. Rc1 O-O 14. a3 Rac8 15. Rc3 b6 16. h4 Na5 17. Rd3 Qb5 18. Bc3 h6 19. h5 Rc7 20. Nh2 Rfc8 21. Rg3 Kh8 22. Qg4 Rg8 23. Qf4 Bg5 24. Qg4 Nc4 25. f4 Be7 26. f5 Bg5 27. fxe6 fxe6 28. Qxe6 Nxb2 29. Bxb2 Qxb2 30. Qxd5 Rc1 31. Rxc1 Qxc1+ 32. Nf1 Rf8 33. Qb5 Be3+ 34. Rxe3 Rxf1+ 35. Qxf1 Qxe3+ 36. Qf2 Qxa3 37. e6 Qc1+ 38. Kh2 Qg5 39. Qf7 Qh4+ 40. Kg1 Qe1+ 41. Kh2 Qh4+ 42. Kg1 Qe1+ 43. Kh2 Qh4+ 1/2-1/2


[Site "https://www.chess.com"]

[Event "Titled Tuesday Blitz May 03 Late 2022"]
[White "Petrovic, Aleksa"]
[Black "Hoffmann, Asa"]
[WhiteFideId "967629"]
[BlackFideId "2001470"]
[WhiteElo "2198"]
[BlackElo "2117"]
[Result "1-0"]
[Round "06"]
[TimeControl "180+1"]
[Date "2022.05.03"]
[WhiteClock "0:00:11"]
[BlackClock "0:00:32"]

1. d4 Nf6 2. c4 c5 3. d5 e5 4. Nc3 d6 5. e4 Be7 6. Nf3 Nbd7 7. Be2 Nf8 8. O-O Ng6 9. Ne1 O-O 10. Nd3 a6 11. a4 b6 12. Bd2 Ne8 13. Bg4 Bg5 14. Be1 Nf6 15. h3 Nxg4 16. hxg4 Qd7 17. f3 Be3+ 18. Bf2 Bd4 19. Ne2 Qe7 20. Ng3 Bd7 21. Nf5 Bxf5 22. exf5 Nh8 23. Qe2 f6 24. Nf4 Nf7 25. Ne6 Ng5 26. Nxf8 Rxf8 27. f4 Nf7 28. Bxd4 cxd4 29. Qe4 Qc7 30. b3 Re8 31. Kh2 Kf8 32. Kg3 exf4+ 33. Qxf4 Re3+ 34. Rf3 Qe7 35. Rxe3 dxe3 36. Re1 e2 37. Kf2 Ne5 38. Qe4 Qc7 39. Rxe2 Qc5+ 40. Kg3 Qg1 41. Qe3 Qb1 42. Qxb6 Kf7 43. Qa7+ Kg8 44. Qb8+ Kf7 45. Qc7+ Kg8 46. Qc8+ Kf7 47. Qe6+ Kf8 48. Qxd6+ Kf7 49. Qc7+ Kf8 50. Qc5+ Kf7 51. Rxe5 fxe5 52. Qc7+ Kf6 53. Qd6+ Kg5 54. Qe7+ Kh6 55. Qh4# 1-0


[Site "https://www.chess.com"]

[Event "Titled Tuesday Blitz May 03 Late 2022"]
[White "Piesik, Piotr"]
[Black "Winkels, Marcel"]
[WhiteFideId "1136194"]
[BlackFideId "1003887"]
[WhiteElo "2190"]
[BlackElo "1900"]
[Result "1-0"]
[Round "06"]
[TimeControl "180+1"]
[Date "2022.05.03"]
[WhiteClock "0:01:17"]
[BlackClock "0:00:14"]

1. Nf3 d5 2. g3 Nc6 3. Bg2 Bg4 4. O-O h5 5. h3 Bf5 6. d3 Qd7 7. Kh2 O-O-O 8. Nbd2 Nf6 9. Ng5 e6 10. e4 Bg6 11. c3 Be7 12. Nb3 dxe4 13. d4 Na5 14. Nxa5 Qb5 15. Nb3 Qf5 16. Qe2 Ng4+ 17. hxg4 hxg4+ 18. Kg1 Bxg5 19. Re1 Bxc1 20. Raxc1 Qh5 21. Qe3 Qh2+ 22. Kf1 f5 23. Nc5 Bf7 24. Bxe4 fxe4 25. Qxe4 Qh1+ 26. Qxh1 Rxh1+ 27. Kg2 Rxe1 28. Rxe1 b6 29. Nd3 Kd7 30. Ne5+ Ke8 31. Nxg4 Kf8 32. Ne5 Bg8 33. Nc6 Ra8 34. b4 a5 35. bxa5 bxa5 36. Re5 Ra6 37. Nxa5 Ke7 38. Rc5 Kd6 39. Nc4+ Kd7 40. Ra5 Rc6 41. Ne5+ Kd6 42. Nxc6 Kxc6 43. Rg5 1-0


[Site "https://www.chess.com"]

[Event "Titled Tuesday Blitz May 03 Late 2022"]
[White "Pinheiro, Iung Alicio de O."]
[Black "Storey, Charles H"]
[WhiteFideId "2104350"]
[BlackFideId "406686"]
[WhiteElo "2520"]
[BlackElo "2263"]
[Result "1-0"]
[Round "06"]
[TimeControl "180+1"]
[Date "2022.05.03"]
[WhiteClock "0:01:33"]
[BlackClock "0:00:33"]

1. c4 g6 2. g3 Bg7 3. Bg2 c5 4. Nc3 Nc6 5. a3 e6 6. b4 cxb4 7. axb4 Nxb4 8. Ba3 Nc6 9. Nb5 Nge7 10. Bd6 O-O 11. Bc7 Qe8 12. Nd6 Bxa1 13. Qxa1 Nf5 14. Nxe8 Rxe8 15. Nf3 d6 16. g4 Re7 17. Ba5 Nh6 18. h3 f5 19. Bc3 Nf7 20. gxf5 exf5 21. h4 Nce5 22. Nxe5 Nxe5 23. Bd5+ Kf8 24. Qa3 Nd3+ 25. Kf1 Nc5 26. d4 Ne4 27. Bxe4 fxe4 28. Qxd6 1-0


[Site "https://www.chess.com"]

[Event "Titled Tuesday Blitz May 03 Late 2022"]
[White "Prieto Aranguren, Alain"]
[Black "Stojanovski, Sandi"]
[WhiteFideId "2268906"]
[BlackFideId "1403249"]
[WhiteElo "2235"]
[BlackElo "2293"]
[Result "0-1"]
[Round "06"]
[TimeControl "180+1"]
[Date "2022.05.03"]
[WhiteClock "0:00:29"]
[BlackClock "0:00:05"]

1. e4 Nf6 2. e5 Nd5 3. Nc3 Nxc3 4. dxc3 d6 5. exd6 Qxd6 6. Qxd6 cxd6 7. Be3 Nc6 8. Nf3 e5 9. Be2 Be7 10. O-O-O Be6 11. Rhe1 h6 12. Kb1 O-O-O 13. Nd2 d5 14. f4 d4 15. cxd4 exd4 16. Bf2 Bb4 17. Rf1 Rhe8 18. Nf3 Bxa2+ 19. Kxa2 Rxe2 20. Kb3 Bc5 21. c3 Na5+ 22. Ka4 Nc4 23. Nxd4 Nxb2+ 24. Kb3 Bxd4 25. Bxd4 Nxd1 26. Rxd1 Rxg2 27. Re1 b6 28. Re7 Rd7 29. Re8+ Kc7 30. Be5+ Kb7 31. Rb8+ Kc6 32. Rc8+ Kb5 33. c4+ Ka6 34. Rg8 g5 35. f5 Rd3+ 36. Kb4 Rd7 37. Ra8 h5 38. f6 h4 39. Re8 g4 40. Re7 Rb7 41. c5 bxc5+ 42. Kxc5 Rc2+ 43. Kd6 Rd2+ 44. Kc5 Rb5+ 45. Kc4 Rxe5 46. Rxe5 Rxh2 47. Re7 Rf2 48. Rxf7 g3 49. Rh7 g2 50. Rg7 h3 51. f7 Rxf7 52. Rg6+ Kb7 53. Rg3 Rh7 54. Kc5 h2 55. Rb3+ Kc7 56. Ra3 h1=Q 57. Rxa7+ Kb8 58. Ra6 g1=Q+ 59. Kb5 Rh5+ 60. Ka4 Qa1+ 0-1


[Site "https://www.chess.com"]

[Event "Titled Tuesday Blitz May 03 Late 2022"]
[White "Przybylski, Wojciech"]
[Black "Koellner, Ruben Gideon"]
[WhiteFideId "1117599"]
[BlackFideId "12993093"]
[WhiteElo "2133"]
[BlackElo "2606"]
[Result "0-1"]
[Round "06"]
[TimeControl "180+1"]
[Date "2022.05.03"]
[WhiteClock "0:00:01"]
[BlackClock "0:00:02"]

1. d4 d6 2. e4 Nf6 3. Nc3 e5 4. Nf3 Nbd7 5. Bc4 Be7 6. a4 c6 7. a5 h6 8. O-O Qc7 9. d5 Nf8 10. Bb3 a6 11. Be3 c5 12. h3 g5 13. Nd2 Ng6 14. Nc4 g4 15. hxg4 Nxg4 16. Ba4+ Kf8 17. Nb6 Rb8 18. Nxc8 Qxc8 19. Bd2 Bg5 20. Ne2 Qd8 21. Ng3 Bxd2 22. Qxg4 Qg5 23. Bd7 Nh4 24. Rfd1 Rg8 25. Qxg5 Bxg5 26. Bh3 Bf4 27. Rd3 Bxg3 28. fxg3 Ng6 29. Rf1 Kg7 30. Rdf3 Rgf8 31. Rf6 Rbd8 32. R6f3 f6 33. Rb3 Rb8 34. Be6 Rfd8 35. Rb6 Nf8 36. Bf5 Ng6 37. Kf2 Ne7 38. Be6 Ng6 39. Ke2 Nf8 40. Bf5 Kf7 41. Rh1 Kg7 42. Rf1 Ng6 43. Rb3 Ne7 44. Be6 b5 45. axb6 Rb7 46. Ra1 Ra8 47. Rba3 Rxb6 48. b3 Ra7 49. Rf1 Ng6 50. Rf3 Ra8 51. Ra1 Rb4 52. Kd3 a5 53. Raf1 Rf8 54. R3f2 Rd4+ 55. Ke3 Rb4 56. Ra1 Ra8 57. Ra3 a4 58. Rf1 Ne7 59. Rfa1 Nc8 60. Rxa4 Raxa4 61. Rxa4 Rb8 0-1


[Site "https://www.chess.com"]

[Event "Titled Tuesday Blitz May 03 Late 2022"]
[White "Quesada Perez, Yuniesky"]
[Black "Gabrielian, Artur"]
[WhiteFideId "3504409"]
[BlackFideId "4131002"]
[WhiteElo "2622"]
[BlackElo "2440"]
[Result "1-0"]
[Round "06"]
[TimeControl "180+1"]
[Date "2022.05.03"]
[WhiteClock "0:00:21"]
[BlackClock "0:00:34"]

1. e4 e5 2. Nf3 Nc6 3. Bc4 Bc5 4. O-O Nf6 5. d3 d6 6. c3 a5 7. Nbd2 O-O 8. Re1 h6 9. Nf1 Re8 10. Ng3 Be6 11. Bb5 Qb8 12. d4 exd4 13. cxd4 Bb4 14. Re2 d5 15. e5 Nd7 16. Bd3 Nf8 17. Nf5 Bxf5 18. Bxf5 Ne6 19. Be3 Bf8 20. a3 Ne7 21. Bc2 Rd8 22. h4 c5 23. Qd3 g6 24. h5 c4 25. Qd2 Kh7 26. Nh4 Ra6 27. f4 Ng7 28. hxg6+ fxg6 29. g4 Qc8 30. Rg2 Kg8 31. f5 g5 32. Nf3 Nexf5 33. gxf5 Nxf5 34. Nxg5 hxg5 35. Rxg5+ Ng7 36. Qh2 Kf7 37. Rf1+ Ke8 38. Ba4+ Rc6 39. Rxg7 Bxg7 40. Qh5+ 1-0


[Site "https://www.chess.com"]

[Event "Titled Tuesday Blitz May 03 Late 2022"]
[White "Rasulov, Vugar"]
[Black "Melkumyan, Hrant"]
[WhiteFideId "13402390"]
[BlackFideId "13302485"]
[WhiteElo "2560"]
[BlackElo "2604"]
[Result "1-0"]
[Round "06"]
[TimeControl "180+1"]
[Date "2022.05.03"]
[WhiteClock "0:00:08"]
[BlackClock "0:00:01"]

1. d4 d5 2. c4 e6 3. Nf3 Nf6 4. Nc3 Be7 5. Bg5 Nbd7 6. e3 h6 7. Bh4 O-O 8. Rc1 c5 9. cxd5 Nxd5 10. Bxe7 Nxe7 11. Bd3 b6 12. O-O Bb7 13. Be4 Qb8 14. Qa4 Rd8 15. Rfd1 cxd4 16. Qxd4 Nc5 17. Qxd8+ Qxd8 18. Rxd8+ Rxd8 19. Bxb7 Nxb7 20. Kf1 Nc5 21. Ke2 a5 22. Nd4 Kf8 23. Rd1 Nd5 24. Nxd5 Rxd5 25. Rc1 Ke8 26. f3 f5 27. Rc4 Kd7 28. a3 a4 29. Rb4 Rd6 30. Nb5 Rc6 31. Nc3 Ke7 32. g4 Kf6 33. gxf5 Kxf5 34. Rc4 Rd6 35. Nxa4 Nxa4 36. Rxa4 g5 37. Rb4 h5 38. a4 e5 39. Rb3 Rc6 40. Rc3 Rd6 41. Rc8 e4 42. Rf8+ Kg6 43. fxe4 Rc6 44. Kd3 Rd6+ 45. Kc3 Rc6+ 46. Kd2 Rd6+ 47. Ke1 Re6 48. Rb8 g4 49. Kf2 Kg5 50. b4 Kh4 51. Kg2 Rxe4 52. Rxb6 Rxe3 53. a5 Re2+ 54. Kg1 Kh3 55. a6 Rg2+ 56. Kf1 Ra2 57. Rb5 Ra1+ 58. Kf2 Ra2+ 59. Kf1 Ra1+ 60. Ke2 Rxa6 61. Rxh5+ Kg2 62. Kd3 Rc6 63. b5 Rc1 64. Kd4 Rb1 65. Kc5 Rc1+ 66. Kd6 Rb1 67. Kc6 Rc1+ 68. Rc5 Rb1 69. Rc2+ Kh3 70. b6 Rb3 71. b7 Rb4 72. Kc7 1-0


[Site "https://www.chess.com"]

[Event "Titled Tuesday Blitz May 03 Late 2022"]
[White "Richter, Nils"]
[Black "Rustemov, Alexander"]
[WhiteFideId "12990809"]
[BlackFideId "4119002"]
[WhiteElo "2243"]
[BlackElo "2728"]
[Result "0-1"]
[Round "06"]
[TimeControl "180+1"]
[Date "2022.05.03"]
[WhiteClock "0:00:04"]
[BlackClock "0:00:40"]

1. e4 e6 2. d4 d5 3. Nd2 dxe4 4. Nxe4 Bd7 5. Nf3 Bc6 6. Bd3 Nd7 7. O-O Ngf6 8. Nxf6+ Qxf6 9. c3 Bxf3 10. Qxf3 Qxf3 11. gxf3 Bd6 12. Bg5 c6 13. Bh4 O-O 14. Bg3 Be7 15. Rfe1 Rfe8 16. Re2 Nf6 17. Rae1 g6 18. Be5 Nd5 19. c4 Nb4 20. Bb1 Rad8 21. a3 Na6 22. b4 Rd7 23. Re4 Red8 24. Ba2 Kf8 25. Kg2 Nc7 26. h4 h5 27. Rd1 Ne8 28. Bf4 Bf6 29. Bg5 Rxd4 30. Rdxd4 Rxd4 31. Be3 Rxe4 32. fxe4 a6 33. Kg3 Ke7 34. f4 Bb2 35. a4 e5 36. c5 Bc3 37. fxe5 Bxe5+ 38. Kf3 Bc3 39. b5 axb5 40. axb5 Nc7 41. bxc6 bxc6 42. Bb3 Ne6 43. Ba4 Kd7 44. Bb3 Bf6 45. Kg3 Be7 46. Kh3 Ke8 47. Ba4 Kd7 48. Bb3 Bf6 49. Bc4 Ke7 50. Kg3 Bd4 51. Bxe6 Bxe3 52. Bb3 Bxc5 53. Kf4 Bf2 54. Kg5 Be3# 0-1


[Site "https://www.chess.com"]

[Event "Titled Tuesday Blitz May 03 Late 2022"]
[White "Romero Ruscalleda, Josep"]
[Black "Sernecki, Franciszek"]
[WhiteFideId "2231859"]
[BlackFideId "1169297"]
[WhiteElo "2269"]
[BlackElo "2165"]
[Result "0-1"]
[Round "06"]
[TimeControl "180+1"]
[Date "2022.05.03"]
[WhiteClock "0:00:31"]
[BlackClock "0:00:54"]

1. e4 e6 2. d4 d5 3. e5 c5 4. c3 Nc6 5. Be3 Qb6 6. Qd2 cxd4 7. cxd4 Nge7 8. Nf3 Nf5 9. Bd3 Be7 10. O-O O-O 11. Nc3 Nxe3 12. fxe3 f5 13. exf6 Bxf6 14. Rf2 Bd7 15. Raf1 h6 16. a3 Na5 17. b4 Nc4 18. Bxc4 dxc4 19. e4 a5 20. e5 Be7 21. bxa5 Qxa5 22. d5 exd5 23. Qxd5+ Qxd5 24. Nxd5 Bc5 25. e6 Bc6 26. e7 Rxf3 27. Nc7 Rxf2 28. Rxf2 Rxa3 29. h4 Bxf2+ 30. Kxf2 Kf7 0-1


[Site "https://www.chess.com"]

[Event "Titled Tuesday Blitz May 03 Late 2022"]
[White "Rytenko, Vsevolod"]
[Black "Hakobyan, Aram"]
[WhiteFideId "14133040"]
[BlackFideId "13306677"]
[WhiteElo "2120"]
[BlackElo "2557"]
[Result "0-1"]
[Round "06"]
[TimeControl "180+1"]
[Date "2022.05.03"]
[WhiteClock "0:00:01"]
[BlackClock "0:01:51"]

1. e4 c5 2. Nf3 Nc6 3. Bb5 g6 4. O-O Bg7 5. Re1 e5 6. c3 Nge7 7. d4 exd4 8. cxd4 cxd4 9. Bf4 a6 10. Bc4 b5 11. Bd5 O-O 12. Bd6 Bb7 13. Na3 Na5 14. Nxd4 Bxd5 15. exd5 Re8 16. Bb4 Nb7 17. d6 Nd5 18. Ndxb5 Nxb4 19. Rxe8+ Qxe8 20. Nc7 Qf8 21. Nxa8 Qxa8 22. Nc4 Nc6 23. Rc1 Qe8 24. Qd5 Qe2 25. g3 Bd4 26. Rf1 Nc5 27. b4 Nd3 28. Qg2 Nxf2 29. Rxf2 Qxc4 0-1


[Site "https://www.chess.com"]

[Event "Titled Tuesday Blitz May 03 Late 2022"]
[White "Sanchez Alvares, Kelvin Antonio"]
[Black "Maksimovic, Bojan"]
[WhiteFideId "3906680"]
[BlackFideId "14408120"]
[WhiteElo "2193"]
[BlackElo "2448"]
[Result "0-1"]
[Round "06"]
[TimeControl "180+1"]
[Date "2022.05.03"]
[WhiteClock "0:00:12"]
[BlackClock "0:00:51"]

1. d4 Nf6 2. c4 g6 3. Nc3 d5 4. cxd5 Nxd5 5. e4 Nxc3 6. bxc3 Bg7 7. Qa4+ Nd7 8. Nf3 O-O 9. Be2 c5 10. O-O a6 11. Be3 b5 12. Qa3 Bb7 13. Rfd1 Bxe4 14. dxc5 Qc7 15. Rac1 Ne5 16. Nxe5 Bxe5 17. c4 Bxh2+ 18. Kf1 Bf4 19. cxb5 axb5 20. Qb4 Bxe3 21. fxe3 Bc6 22. Qf4 Qxf4+ 23. exf4 Rxa2 24. Rb1 Rc8 25. Rdc1 Bxg2+ 26. Kxg2 Rxe2+ 27. Kf3 Re6 28. Rxb5 Kg7 29. Rc3 h5 30. Re3 Rxe3+ 31. Kxe3 Kf6 32. Kd4 Kf5 33. Rb7 Kxf4 34. Rxe7 f5 35. Kd5 g5 36. c6 h4 37. Rh7 Kg3 38. Rh5 Kg4 39. Rh7 f4 40. Kd6 h3 41. Kd7 Ra8 42. c7 Kg3 43. Rh5 g4 44. Rb5 h2 45. Rb8 h1=Q 46. c8=Q 0-1


[Site "https://www.chess.com"]

[Event "Titled Tuesday Blitz May 03 Late 2022"]
[White "Sargsyan, Anna M."]
[Black "Kazakouski, Valery"]
[WhiteFideId "13308130"]
[BlackFideId "13507443"]
[WhiteElo "2271"]
[BlackElo "2524"]
[Result "0-1"]
[Round "06"]
[TimeControl "180+1"]
[Date "2022.05.03"]
[WhiteClock "0:00:06"]
[BlackClock "0:00:04"]

1. d4 Nf6 2. c4 e6 3. Nf3 d5 4. Nc3 a6 5. cxd5 exd5 6. Qb3 Bd6 7. Bg5 c6 8. e3 h6 9. Bh4 O-O 10. Bd3 Qe7 11. O-O Bg4 12. Na4 b5 13. Nc3 Nbd7 14. a4 Nb6 15. Qc2 Rfe8 16. b3 Qe6 17. a5 Nbd7 18. Ne2 Rac8 19. Bg3 Ne4 20. Bxd6 Qxd6 21. Nd2 Ndf6 22. f3 Nxd2 23. Qxd2 Bd7 24. Ng3 c5 25. dxc5 Qxc5 26. Rfe1 Qc3 27. Rad1 Qxb3 28. Bf5 Bxf5 29. Nxf5 Rc2 30. Qd4 Qa2 31. Kh1 Rxg2 32. Nxh6+ Kh7 33. Qf4 gxh6 34. Rg1 Reg8 35. Qf5+ R8g6 36. Ra1 Rxh2# 0-1


[Site "https://www.chess.com"]

[Event "Titled Tuesday Blitz May 03 Late 2022"]
[White "Shimanov, Aleksandr"]
[Black "Stevens, Christian"]
[WhiteFideId "4198603"]
[BlackFideId "2604450"]
[WhiteElo "2636"]
[BlackElo "2530"]
[Result "1-0"]
[Round "06"]
[TimeControl "180+1"]
[Date "2022.05.03"]
[WhiteClock "0:01:44"]
[BlackClock "0:00:22"]

1. e4 c5 2. Nf3 e6 3. d4 cxd4 4. Nxd4 a6 5. Nc3 Qc7 6. Qf3 Nf6 7. Bg5 Be7 8. O-O-O Nc6 9. Nxc6 bxc6 10. Bf4 e5 11. Bg5 Rb8 12. Bxf6 Bxf6 13. Bc4 O-O 14. h4 Qb6 15. Bb3 a5 16. g4 Be7 17. g5 a4 18. Nxa4 Qa5 19. g6 hxg6 20. h5 Bg5+ 21. Kb1 d5 22. hxg6 fxg6 23. Qg2 Bf6 24. exd5 Rxb3 25. axb3 Bf5 26. dxc6 e4 27. Qh2 1-0


[Site "https://www.chess.com"]